 Dungeon Crawl Stone Soup version 0.20.1-1-g8b1a95d (webtiles) character file.

218626 cromulent the Bludgeoner (level 19, -10/110 HPs)
             Began as a Vine Stalker Fighter on July 11, 2017.
             Was an Initiate of Gozag.
             Killed from afar by a deep elf high priest (19 damage)
             ... with damnation
             ... on level 1 of the Elven Halls.
             The game lasted 01:51:01 (32201 turns).

cromulent the Bludgeoner (Vine Stalker Fighter)    Turns: 32201, Time: 01:51:02

Health: -10/110    AC: 22    Str: 20    XL:     19   Next: 12%
Magic:  0/35       EV: 16    Int: 14    God:    Gozag
Gold:   1720       SH:  4    Dex: 21    Spells: 18/18 levels left

rFire    + + +     SeeInvis .   j - +7 great mace "Firestarter" {inner flame, rF++}
rCold    + . .     Gourm    .   (shield currently unavailable)
rNeg     + + .     Faith    .   Z - quicksilver dragon scales of Freedom {+Inv rPois MR+ MP+9}
rPois    +         Spirit   +   h - -2 hat of the Alchemist {rElec rPois rF+ rC+ rN+ MR+ rMut rCorr}
rElec    +         Reflect  +   D - +2 cloak {+Inv}
rCorr    +         Harm     .   Y - +1 pair of gloves
rMut     +                      K - +2 pair of boots
MR       +++++                  b - +4 amulet of reflection
Stlth    ++........             Q - ring of Qees {rN+ Int+6 Slay+2 Stlth+}
Regen    1.1/turn               e - ring of protection from magic
MPRegen  0.3/turn

@: about to teleport, gold aura
A: fangs 3, regeneration 2, magic shield, antimagic bite, no potion heal 3, rot
immunity
}: 1/15 runes: gossamer
a: Potion Petition, Call Merchant, Bribe Branch, Renounce Religion, Evoke
Invisibility


You were on level 1 of the Elven Halls.
You worshipped Gozag.
Gozag was most pleased with you.
You were not hungry.

You visited 6 branches of the dungeon, and saw 29 of its levels.
You visited 1 bazaar.
You also visited: Ossuary, Ice Cave and Desolation.

You collected 14569 gold pieces.
You spent 7731 gold pieces at shops.
You paid 5118 gold pieces to Gozag.

Inventory:

Hand Weapons
 j - the +7 great mace "Firestarter" (weapon) {inner flame, rF++}
   (You bought it in a shop on level 2 of the Orcish Mines)

   It has been specially enchanted to burn those struck by it, causing extra
   injury to most foes and up to half again as much damage against particularly
   susceptible opponents.
   It greatly protects you from fire.
Armour
 h - the -2 hat of the Alchemist (worn) {rElec rPois rF+ rC+ rN+ MR+ rMut rCorr}
   (You found it on level 1 of the Orcish Mines)

   It protects you from fire.
   It protects you from cold.
   It insulates you from electricity.
   It protects you from poison.
   It protects you from negative energy.
   It affects your resistance to hostile enchantments.
   It protects you from acid and corrosion.
   It protects you from mutation.
 D - a +2 cloak of invisibility (worn)
 K - a +2 pair of boots (worn)
 M - a +3 plate armour of positive energy
 N - a +0 cloak of cold resistance
 P - a +0 shield of cold resistance
 Y - a +1 pair of gloves (worn)
 Z - the quicksilver dragon scales of Freedom (worn) {+Inv rPois MR+ MP+9}
   (You bought it in a shop on level 3 of the Lair of Beasts)

   It protects you from poison.
   It affects your resistance to hostile enchantments.
   It affects your magic capacity (+9).
   It lets you turn invisible.
Jewellery
 b - a +4 amulet of reflection (around neck)
 e - a ring of protection from magic (right hand)
 u - the ring of the Oligarchy {+Blink MR+ Dex+3}
   (You found it in the Desolation of Salt)

   [ring of protection from magic]

   It affects your dexterity (+3).
   It affects your resistance to hostile enchantments.
   It lets you blink.
 x - an uncursed ring of see invisible
 G - an uncursed ring of flight
 Q - the ring of Qees (left hand) {rN+ Int+6 Slay+2 Stlth+}
   (You bought it in a shop on level 3 of the Lair of Beasts)

   [ring of stealth]

   It affects your intelligence (+6).
   It affects your accuracy and damage with ranged weapons and melee attacks
   (+2).
   It protects you from negative energy.
   It makes you more stealthy.
 X - an uncursed amulet of rage
Wands
 c - a wand of lightning (8/15)
 g - a wand of disintegration (19/24)
 m - a wand of disintegration (10/24)
 C - a wand of polymorph (24/24)
 H - a wand of digging (10/24)
 L - a wand of iceblast (0/15)
 S - a wand of disintegration (11/24)
 T - a wand of polymorph (20/24)
 V - a wand of disintegration (11/24)
 W - a wand of scattershot (3/9)
Scrolls
 a - 2 scrolls of amnesia
 d - 5 scrolls of identify
 l - 21 scrolls of remove curse
 n - 5 scrolls of fog
 y - 4 scrolls of enchant armour
 B - 2 scrolls of teleportation
 I - a scroll of magic mapping
 J - 6 scrolls of recharging
 R - a scroll of enchant weapon
Potions
 f - 3 potions of ambrosia
 i - 5 potions of flight
 k - 8 potions of curing
 q - 8 potions of brilliance
 r - 2 potions of magic
 t - a potion of invisibility
 z - 3 potions of cancellation
 A - a potion of haste
 E - 5 potions of mutation
 F - a potion of agility
 U - 3 potions of might
Miscellaneous
 o - a sack of spiders
 w - a fan of gales
Comestibles
 p - 15 royal jellies
 s - 22 fruits
 v - 17 meat rations
 O - 2 bread rations


   Skills:
 - Level 16.3 Fighting
 + Level 18.2 Maces & Flails
 - Level 13.7 Armour
 + Level 6.8 Dodging
 - Level 2.6 Shields
 - Level 8.6 Evocations


You had 18 spell levels left.
You didn't know any spells.

Dungeon Overview and Level Annotations

Branches:
Dungeon (15/15)            Temple (0/1) D:7            Lair (6/6) D:10
 Shoals (1/4) Lair:2       Spider (4/4) Lair:3        Slime (0/5) Lair:5
    Orc (2/2) D:10            Elf (1/3) Orc:2        Vaults (0/5) D:13
 Depths (0/5) D:15

Altars:
Cheibriados
Dithmenos
Gozag
Hepliaklqana
Nemelex Xobeh
Qazlal
Zin

Shops:
D:7 ([   D:13 (   D:15 }   Orc:2 ?:(   Elf:1 }   Lair:3 =[   Lair:5 ((
Shoals:1 (

Portals:
Pandemonium: Orc:2

Annotations:
D:13 1 runed door
Lair:5 exclusion: oklob plant


Innate Abilities, Weirdness & Mutations

You have razor-sharp teeth.
You heal very quickly.
When hurt, damage is shared between your health and your magic reserves.
Your bite disrupts and absorbs the magic of your enemies.
Potions cannot restore your health.
You are immune to rotting.


Message History

You feel sick.
You now have 1720 gold pieces (gained 3).
The deep elf high priest shoots an arrow.
The arrow hits you!
* * * LOW HITPOINT WARNING * * *
Unknown command.
Unknown command.
Okay, then.
Unknown command.
Unknown command.
Unknown command.
Okay, then.
As you read the scroll of teleportation, it crumbles to dust.
You feel strangely unstable.
You feel sick.
Unknown command.
Your system rejects the healing.
You feel better.
The deep elf high priest invokes the aid of its god against you.
The sphere of damnation explodes!
The damnation engulfs you!
You die...
Your body crumbles into a pile of gold.

...# #.# #.......# ...#
#.# #.......# ...# #.#
#.......# .'## #.#
##(....## ##.# #.# ##...##
#.### #.# ##'## #.#.####'#
#§# ##.##'#...## #§#
#...##.....## #@#
##.########.# #§#
#...#.......# #e#
........###.# #{#
#...#.###.)## #§#
#.⌠.###...'## #§########
#...#.#####.## #§§$.e$..#
..∩.....###..###'(#eo#++#*
#...#)......#.#8)4e.....8*


You could see a deep elf high priest.

Vanquished Creatures
  Nikola (Spider:1)
  Rupert (Lair:6)
  A titan (Shoals:1)
  The ghost of Smidge the Executioner, an adept MiBe of Trog (Spider:2)
  Kirke (Spider:1)
  3 frost giants
  2 imperial myrmidons (Desolation)
  A fire giant (D:15)
  4 ghost moths (Spider:4)
  8 emperor scorpions
  2 entropy weavers
  2 stone giants (Shoals:1)
  A halazid warlock (Desolation)
  The ghost of Hettar the Warrior, a journeyman MiBe of Trog (Spider:1)
  A dire elephant (Lair:6)
  A spark wasp (Spider:4)
  A fire dragon (Lair:5)
  3 ragged hierophants (Desolation)
  The ghost of Wardy1 the Basher, a journeyman DgGl (D:11)
  A deep elf high priest (Elf:1)
  5 hydras
  An ice dragon (Lair:6)
  3 peacekeepers
  3 centaur warriors
  2 catoblepae
  2 merfolk avatars (Shoals:1)
  6 two-headed ogres
  4 dancing weapons (Elf:1)
  2 tengu warriors
  An ogre mage (D:15)
  10 death yaks
  7 orc high priests
  5 deep elf knights (Elf:1)
  A sun demon (Orc:2)
  5 sea snakes (Shoals:1)
  A gelid demonspawn (Orc:2)
  An unseen horror (D:11)
  An infernal demonspawn (Orc:2)
  2 torturous demonspawn (Orc:2)
  An ironbrand convoker (Desolation)
  20 orb spiders
  4 harpies (Shoals:1)
  2 lindwurms (Lair:6)
  13 deep elf magi
  27 wolf spiders
  6 orc knights
  A manticore (shapeshifter) (Elf:1)
  7 orc sorcerers
  11 ugly things
  12 manticores
  20 elephants
  10 cyclopes
  A water nymph (Shoals:1)
  An ice statue (IceCv)
  A guardian serpent (Desolation)
  A molten gargoyle (Lair:4)
  10 black mambas
  5 torpor snails (Lair:6)
  5 merfolk sirens (Shoals:1)
  A gargoyle (D:14)
  13 spiny frogs
  An efreet (D:14)
  14 demonic crawlers
  15 rime drakes
  7 komodo dragons
  A hellwing (Orc:2)
  3 ice devils
  A tengu conjurer (D:13)
  A queen bee (Spider:3)
  6 meliai
  18 polar bears
  3 merfolk
  5 trolls
  9 hornets
  2 wind drakes (Shoals:1)
  Prince Ribbit (D:7)
  3 tyrant leeches (Lair:6)
  35 jumping spiders
  7 dream sheep
  11 saltlings (Desolation)
  13 blink frogs
  12 hippogriffs
  2 centaur simulacra (D:13)
  A spriggan (Lair:3)
  49 redbacks
  2 shadows
  3 water elementals
  A human (D:11)
  4 wyverns
  3 fire bats (Lair:5)
  A wraith (D:14)
  9 basilisks
  18 tarantellas
  61 yaks
  2 hungry ghosts
  2 vampires
  3 fire elementals
  9 hogs
  A hog (shapeshifter) (D:14)
  10 steam dragons (Lair:2)
  A vampire mosquito (D:15)
  3 wargs
  Edmund (D:4)
  2 acid dragons
  20 water moccasins
  Duvessa (D:6)
  4 porcupines
  A swamp drake (Orc:1)
  A swamp drake (shapeshifter) (D:15)
  A hornet zombie (D:15)
  6 ice beasts
  5 sky beasts
  2 necrophages
  32 orc warriors
  4 phantoms
  2 black bears
  14 ogres
  13 centaurs
  11 wolves
  11 crocodiles
  Blork the orc (D:5)
  2 big kobolds
  2 elf zombies (Ossuary)
  13 bullfrogs
  Dowan (D:6)
  A wyvern zombie (D:9)
  A water moccasin zombie (D:11)
  2 wyvern skeletons
  3 scorpions
  17 killer bees
  8 wights
  A howler monkey (D:6)
  8 electric eels
  16 crimson imps
  A quasit (D:13)
  A bullfrog zombie (D:7)
  3 centaur zombies
  7 jellies
  23 orc priests
  4 hounds
  2 gnoll shamans
  2 bullfrog skeletons
  5 centaur skeletons
  An iron imp (Orc:1)
  27 orc wizards
  Crazy Yiuf (D:3)
  Jessica (D:3)
  4 iguanas
  8 worker ants
  Ijyb (D:4)
  A big kobold zombie (Ossuary)
  A bullfrog simulacrum (D:13)
  4 ogre zombies (Ossuary)
  2 hound zombies (D:6)
  7 mummies (Ossuary)
  8 gnolls
  11 adders
  3 shadow imps
  6 white imps
  3 oozes (Lair:5)
  5 ufetubi (D:13)
  8 adder zombies
  3 adder skeletons
  2 worms (D:2)
  A dart slug (D:1)
  9 leopard geckos
  119 orcs
  2 bat zombies (D:1)
  6 giant cockroaches
  11 goblins
  6 hobgoblins
  12 jackals
  14 kobolds
  4 ball pythons
  6 bats
  3 frilled lizards
  2 goblin zombies (Ossuary)
  A hobgoblin zombie (Ossuary)
  A jackal zombie (D:6)
  2 kobold zombies (Ossuary)
  A leopard gecko skeleton (D:5)
  A leopard gecko zombie (D:5)
  A quokka skeleton (D:6)
  5 quokka zombies (Ossuary)
  9 rats
  6 rat zombies (Ossuary)
  A fungus (D:6)
  6 plants
1215 creatures vanquished.

Vanquished Creatures (others)
  A ghost moth (Spider:4)
  4 dancing weapons
  An orb spider (Spider:1)
  A human (Spider:1)
  4 orc wizards
  A shadow imp (Orc:1)
  A leopard gecko (D:6)
  3 orcs
  3 fungi
  14 plants
33 creatures vanquished.

Grand Total: 1248 creatures vanquished

Notes
Turn   | Place    | Note
-------+----------+-------------------------------------------
     0 | D:1      | cromulent the Vine Stalker Fighter began the quest for the Orb.
     0 | D:1      | Reached XP level 1. HP: 11/11 MP: 2/2
    76 | D:1      | Reached skill level 2 in Maces & Flails
   112 | D:1      | Reached XP level 2. HP: 12/16 MP: 3/3
   587 | D:1      | Reached skill level 3 in Maces & Flails
   752 | D:1      | Reached XP level 3. HP: 19/19 MP: 4/4
  1791 | D:2      | Gained mutation: Your natural rate of healing is unusually fast. [Vine Stalker growth]
  1791 | D:2      | Reached XP level 4. HP: 23/23 MP: 5/5
  1902 | D:2      | Found an opulent altar of Gozag.
  1911 | D:2      | Became a worshipper of Gozag Ym Sagoz the Greedy
  2102 | D:2      | Reached skill level 4 in Maces & Flails
  2315 | D:3      | Found a sparkling altar of Nemelex Xobeh.
  2484 | D:3      | Noticed Jessica
  2491 | D:3      | Killed Jessica
  2491 | D:3      | Reached XP level 5. HP: 23/27 MP: 4/6
  2542 | D:3      | Found a faded altar of an unknown god.
  2567 | D:3      | Found a shadowy altar of Dithmenos.
  2682 | D:3      | Found a runed door.
  2808 | D:3      | Noticed Crazy Yiuf
  2816 | D:3      | Killed Crazy Yiuf
  2898 | D:4      | Reached skill level 5 in Maces & Flails
  2957 | D:4      | Noticed Edmund
  2978 | D:4      | Killed Edmund
  2978 | D:4      | Reached XP level 6. HP: 23/32 MP: 4/7
  3077 | D:4      | Found a stormy altar of Qazlal.
  3097 | D:4      | Reached skill level 6 in Maces & Flails
  3414 | D:4      | Noticed Ijyb
  3419 | D:4      | Paralysed by Ijyb for 3 turns
  3437 | D:4      | Killed Ijyb
  3678 | D:5      | Entered Level 5 of the Dungeon
  3784 | D:5      | Reached XP level 7. HP: 37/37 MP: 8/8
  3859 | D:5      | Reached skill level 5 in Fighting
  4099 | D:5      | Gained mutation: You have razor-sharp teeth. [Vine Stalker growth]
  4099 | D:5      | Reached XP level 8. HP: 38/44 MP: 9/9
  4340 | D:5      | Noticed Blork the orc
  4352 | D:5      | Killed Blork the orc
  5201 | D:6      | Found a hazy altar of Hepliaklqana.
  5205 | D:6      | Noticed Dowan
  5206 | D:6      | Noticed Duvessa
  5239 | D:6      | Killed Duvessa
  5245 | D:6      | Killed Dowan
  5245 | D:6      | Reached XP level 9. HP: 14/52 MP: 10/10
  5362 | D:7      | Found Meg Uxob's Antique Armour Shoppe.
  5385 | D:7      | Bought a garnet-encrusted plate armour for 896 gold pieces
  5395 | D:7      | Identified the cursed +0 plate armour of the Beggar {Regen+ Str+4 Int-2} (You bought it in a shop on level 7 of the Dungeon)
  5547 | D:7      | Found a staircase to the Ecumenical Temple.
  5578 | D:7      | Noticed Prince Ribbit
  5590 | D:7      | Killed Prince Ribbit
  5603 | D:7      | Reached skill level 10 in Fighting
  5789 | D:7      | Found Duhufenu's Weapon Shop.
  6348 | D:8      | Noticed a two-headed ogre
  6356 | D:8      | Killed a two-headed ogre
  6356 | D:8      | Reached XP level 10. HP: 45/62 MP: 11/11
  6446 | D:8      | Found a sand-covered staircase.
  6483 | D:8      | Noticed a deep elf mage
  6491 | Ossuary  | Entered an ossuary
  6925 | D:8      | Killed a deep elf mage
  6981 | D:8      | Found a snail-covered altar of Cheibriados.
  7591 | D:9      | Reached skill level 7 in Maces & Flails
  8049 | D:10     | Entered Level 10 of the Dungeon
  8249 | D:10     | Reached XP level 11. HP: 65/66 MP: 10/12
  8375 | D:10     | Reached skill level 5 in Armour
  8380 | D:10     | Reached skill level 8 in Maces & Flails
  8385 | D:10     | Found a staircase to the Lair.
  8518 | D:10     | Found a staircase to the Orcish Mines.
  9196 | Lair:1   | Entered Level 1 of the Lair of Beasts
  9307 | Lair:1   | Noticed a catoblepas
  9323 | Lair:1   | Killed a catoblepas
  9384 | Lair:1   | Reached skill level 9 in Maces & Flails
 10260 | Lair:2   | Reached skill level 10 in Maces & Flails
 10476 | Lair:2   | Gained mutation: You heal very quickly. [Vine Stalker growth]
 10476 | Lair:2   | Reached XP level 12. HP: 59/71 MP: 11/13
 10827 | Lair:2   | Found a staircase to the Shoals.
 10865 | Lair:2   | Reached skill level 11 in Maces & Flails
 11746 | Lair:3   | Noticed a death yak
 11747 | Lair:3   | Noticed a death yak
 11749 | Lair:3   | Noticed a death yak
 11750 | Lair:3   | Noticed a death yak
 11751 | Lair:3   | Noticed a death yak
 11769 | Lair:3   | Killed a death yak
 11778 | Lair:3   | Killed a death yak
 11778 | Lair:3   | Reached XP level 13. HP: 75/75 MP: 14/14
 11823 | Lair:3   | Reached skill level 12 in Maces & Flails
 11823 | Lair:3   | Reached skill level 10 in Armour
 11942 | Lair:3   | Found a hole to the Spider Nest.
 12623 | Lair:5   | Found a staircase to the Slime Pits.
 13041 | Lair:5   | Noticed a fire dragon
 13058 | Lair:5   | Killed a fire dragon
 13423 | Lair:5   | Bought a pitted dire flail for 243 gold pieces
 13423 | Lair:5   | Identified the cursed +2 dire flail "Nuthou Lyit" {flame, rElec} (You bought it in a shop on level 5 of the Lair of Beasts)
 13428 | Lair:5   | Bought a runed great mace for 399 gold pieces
 13444 | Lair:6   | Entered Level 6 of the Lair of Beasts
 13725 | Lair:6   | Reached XP level 14. HP: 72/82 MP: 15/15
 14030 | Lair:6   | Noticed a dire elephant
 14060 | Lair:6   | Killed a dire elephant
 14323 | Lair:6   | Found a runed door.
 14454 | Lair:6   | Paralysed by a hornet for 2 turns
 14475 | Lair:6   | Paralysed by a hornet for 1 turns
 14484 | Lair:6   | Paralysed by a hornet for 2 turns
 14748 | Lair:6   | Noticed Rupert
 14761 | Lair:6   | Killed Rupert
 15779 | Lair:4   | Reached XP level 15. HP: 88/88 MP: 16/16
 16050 | Orc:1    | Entered Level 1 of the Orcish Mines
 16446 | Orc:1    | Reached skill level 15 in Fighting
 16783 | Orc:2    | Entered Level 2 of the Orcish Mines
 16783 | Orc:2    | Found a staircase to the Elven Halls.
 17223 | Orc:2    | Found Puodysk's Food Boutique.
 17258 | Orc:2    | Found Nanique's Magic Scroll Shop.
 18190 | Orc:2    | Found Weetwuojai's Book Emporium.
 18190 | Orc:2    | Found a one-way gate leading to the halls of Pandemonium.
 18190 | Orc:2    | Found Xaorullu's Antique Weapon Shoppe.
 18194 | Orc:2    | Bought the +7 great mace "Firestarter" {inner flame, rF++} for 1851 gold pieces
 18274 | Orc:2    | Bought a royal jelly for 20 gold pieces
 18274 | Orc:2    | Bought a bread ration for 50 gold pieces
 18274 | Orc:2    | Bought a bread ration for 50 gold pieces
 18274 | Orc:2    | Bought a meat ration for 50 gold pieces
 18274 | Orc:2    | Bought a meat ration for 50 gold pieces
 18274 | Orc:2    | Bought a royal jelly for 20 gold pieces
 18274 | Orc:2    | Bought a meat ration for 50 gold pieces
 18274 | Orc:2    | Bought a royal jelly for 20 gold pieces
 18274 | Orc:2    | Bought a meat ration for 50 gold pieces
 18274 | Orc:2    | Bought a bread ration for 50 gold pieces
 18274 | Orc:2    | Bought a meat ration for 50 gold pieces
 18274 | Orc:2    | Bought a royal jelly for 20 gold pieces
 18274 | Orc:2    | Bought a meat ration for 50 gold pieces
 18356 | Orc:2    | Bought a scroll of enchant armour for 127 gold pieces
 18356 | Orc:2    | Bought a scroll of enchant armour for 127 gold pieces
 18356 | Orc:2    | Bought a scroll of teleportation for 51 gold pieces
 18356 | Orc:2    | Bought a scroll of blinking for 127 gold pieces
 18356 | Orc:2    | Bought 3 scrolls of teleportation for 153 gold pieces
 19231 | D:11     | Noticed Wardy1's ghost (journeyman DgGl)
 19252 | D:11     | Killed Wardy1's ghost
 19680 | D:11     | Reached skill level 13 in Maces & Flails
 20714 | D:13     | Reached XP level 16. HP: 79/95 MP: 17/17
 20775 | D:13     | Found Awijude's Weapon Shoppe.
 20815 | D:13     | Found a frozen archway.
 20854 | IceCv    | Entered an ice cave
 20939 | IceCv    | Reached skill level 14 in Maces & Flails
 21837 | D:13     | Noticed a daeva
 21847 | D:13     | Found a glowing silver altar of Zin.
 22077 | D:13     | Found a gate to the Vaults.
 22292 | D:13     | Found a runed door.
 22440 | D:14     | Reached skill level 15 in Maces & Flails
 23082 | D:14     | Found a flickering gateway to a bazaar.
 23090 | Bazaar   | Entered a bazaar
 23094 | Bazaar   | Found Ohui's Magic Scroll Boutique.
 23112 | Bazaar   | Found Pebb's Antique Armour Emporium.
 23129 | Bazaar   | Found Jiosh's Book Boutique.
 23146 | Bazaar   | Found Oshasygu's Weapon Shoppe.
 23168 | Bazaar   | Bought a scroll of fog for 18 gold pieces
 23168 | Bazaar   | Bought a scroll of identify for 18 gold pieces
 23168 | Bazaar   | Bought a scroll of identify for 18 gold pieces
 23168 | Bazaar   | Bought a scroll of identify for 18 gold pieces
 23168 | Bazaar   | Bought a scroll of magic mapping for 31 gold pieces
 23168 | Bazaar   | Bought 3 scrolls of recharging for 256 gold pieces
 23168 | Bazaar   | Bought a scroll of identify for 18 gold pieces
 23234 | Bazaar   | Bought a pair of runed boots for 217 gold pieces
 23407 | D:15     | Entered Level 15 of the Dungeon
 23560 | D:15     | Found a staircase to the Depths.
 23730 | D:15     | Found a labyrinth entrance.
 24318 | D:15     | Reached skill level 16 in Maces & Flails
 24599 | Spider:1 | Entered Level 1 of the Spider Nest
 24600 | Spider:1 | Noticed Kirke
 24608 | Spider:1 | Killed Kirke
 24608 | Spider:1 | Reached skill level 1 in Evocations
 24620 | Spider:1 | Noticed Nikola
 24640 | Spider:1 | Killed Nikola
 24640 | Spider:1 | Reached XP level 17. HP: 74/99 MP: 17/20
 24779 | Spider:1 | Noticed Hettar's ghost (journeyman MiBe)
 24788 | Spider:1 | Killed Hettar's ghost
 25562 | Spider:2 | Reached skill level 5 in Evocations
 25678 | Spider:2 | Noticed Smidge's ghost (adept MiBe)
 26000 | Spider:2 | Reached skill level 1 in Dodging
 26016 | Spider:2 | HP: 4/99 [Smidge's ghost (2)]
 26106 | Spider:2 | Killed Smidge's ghost
 26664 | Spider:2 | Got a sparkling iron amulet
 26858 | Spider:2 | Identified the amulet of the Purple Skies {Gourm SInv} (You found it on level 2 of the Spider Nest)
 27062 | Spider:2 | You fall through a shaft!
 27756 | Spider:4 | Entered Level 4 of the Spider Nest
 27819 | Spider:4 | Reached skill level 17 in Maces & Flails
 28546 | Spider:4 | Reached XP level 18. HP: 100/105 MP: 0/24
 29020 | Spider:4 | Got a gossamer rune of Zot
 29614 | Lair:3   | Bought the ring of Qees {rN+ Int+6 Slay+2 Stlth+} for 497 gold pieces
 29619 | Lair:3   | Bought the quicksilver dragon scales of Freedom {+Inv rPois MR+ MP+9} for 2136 gold pieces
 30018 | Shoals:1 | Entered Level 1 of the Shoals
 30234 | Shoals:1 | Noticed a titan
 30238 | Shoals:1 | Killed a titan
 30949 | Shoals:1 | Reached skill level 5 in Dodging
 31213 | Elf:1    | Entered Level 1 of the Elven Halls
 31365 | Elf:1    | Found a ruined gateway.
 31381 | Desolati | Entered the Desolation of Salt
 31459 | Desolati | Reached skill level 18 in Maces & Flails
 31562 | Desolati | Got a translucent tin ring
 31563 | Desolati | Identified the ring of the Oligarchy {+Blink MR+ Dex+3} (You found it in the Desolation of Salt)
 31604 | Desolati | Identified Dispater's Reference Book on Creation
 31605 | Desolati | Identified Cizor's Handbook of the Frostbite and Protection
 31793 | Elf:1    | Found Xerergh's Weapon Emporium.
 31797 | Elf:1    | Found Konoll's Gadget Emporium.
 31830 | Elf:1    | Reached XP level 19. HP: 92/110 MP: 26/26
 32201 | Elf:1    | Killed from afar by a deep elf high priest

Skill      XL: |  1  2  3  4  5  6  7  8  9 10 11 12 13 14 15 16 17 18 |
---------------+-------------------------------------------------------+-----
Maces & Flails | 2 3 4 5 6 7 10 11 12 13 16 17 18 | 18.2
Fighting       | 4 6 8 11 12 13 14 15 16 | 16.3
Armour         | 4 7 9 11 12 13 | 13.7
Evocations     | 3 7 8 |  8.6
Dodging        | 2 6 |  6.8
Shields        | |  2.6

Action                   |  1- 3 |  4- 6 |  7- 9 | 10-12 | 13-15 | 16-18 | 19-21 || total
-------------------------+-------+-------+-------+-------+-------+-------+-------++-------
Melee: Flail             |    21 |       |       |       |       |       |       ||    21
       Bite              |    24 |    46 |   110 |   362 |   945 |   533 |    13 ||  2033
       Whip              |    84 |   175 |   292 |   811 |  1804 |   335 |       ||  3501
       Great mace        |       |       |       |       |       |   809 |    31 ||   840
Throw: Stone             |       |     3 |       |       |       |       |       ||     3
Invok: Call Merchant     |       |       |       |       |     2 |     4 |       ||     6
Evoke: Wand              |       |       |       |       |       |    13 |       ||    13
  Use: Scroll            |       |       |    21 |    13 |    12 |    27 |     2 ||    75
       Potion            |       |       |     1 |       |    10 |     8 |     1 ||    20
 Stab: Distracted        |       |       |     1 |     4 |    12 |     8 |       ||    25
       Petrified         |       |       |       |     5 |       |       |       ||     5
       Invisible         |       |       |       |       |    15 |       |       ||    15
       Sleeping          |       |       |       |       |       |     1 |     1 ||     2
  Eat: Chunk             |     3 |       |       |       |       |       |       ||     3
       Bread ration      |       |     2 |     1 |     4 |     6 |     7 |       ||    20
       Royal jelly       |       |       |     1 |       |     2 |     4 |       ||     7
Armor: Scale mail        |    51 |    41 |    56 |       |       |       |       ||   148
       Plate armour      |       |       |    36 |   336 |   809 |   837 |       ||  2018
       Quicksilver drago |       |       |       |       |       |   101 |    16 ||   117
Dodge: Dodged            |    28 |    35 |    40 |    74 |   236 |   452 |    20 ||   885
Block: Shield            |    54 |    59 |    97 |   231 |   599 |   102 |       ||  1142
       Other             |       |       |       |       |       |   129 |     2 ||   131
       Reflection        |       |       |       |       |       |     4 |       ||     4
